 Dungeon Crawl Stone Soup version 0.31.0-12-g77e489cdc1 (webtiles) character file.

Game seed: 401938856502010005

31 Gadfly the Trooper (level 3, 22/29 HPs)
             Began as a Demonspawn Monk on Feb 13, 2024.
             Quit the game on level 2 of the Dungeon.
             The game lasted 00:01:43 (1058 turns).

Gadfly the Trooper (Demonspawn Monk)                Turns: 1058, Time: 00:01:44

Health: 22/29      AC:  2    Str: 13    XL:     3   Next: 7%
Magic:  3/3        EV: 15    Int: 10    God:
Gold:   95         SH:  0    Dex: 21    Spells: 2/2 levels left

rFire   . .          .
                       - Unarmed
rCold   . . .        c - orb {light}
rNeg    . . .        a - +0 robe
rPois   .            (no helmet)
rElec   .            (no cloak)
rCorr   .            (no gloves)
SInv    .            (no boots)
Will    .....        (no amulet)
Stlth   +            d - +6 ring of dexterity
HPRegen 0.24/turn    (no ring)
MPRegen 0.08/turn

%: no passive effects
@: mildly poisoned (22 -> 21), glowing
A: repulsion field 1, demonic magic 1
a: no special abilities


You were on level 2 of the Dungeon.
You visited 1 branch of the dungeon, and saw 2 of its levels.

You collected 95 gold pieces.

Inventory:

Hand Weapons
 f - a +1 mace of distortion
Armour
 a - a +0 robe (worn)
 c - an orb of light (worn)
Jewellery
 d - a +6 ring of dexterity (left hand)
Talismans
 k - a blade talisman
Scrolls
 e - a scroll of teleportation
 j - 2 scrolls of torment
Potions
 b - a potion of ambrosia
 g - a potion of haste {unknown}
 h - a potion of degeneration {unknown}
 i - a potion of cancellation {unknown}


   Skills:
 - Level 3.0 Fighting
 + Level 2.9 Dodging
 * Level 3.0 Unarmed Combat
 * Level 1.2 Evocations
 * Level 1.0 Shapeshifting


You had 2 spell levels left.
You didn't know any spells.
Your spell library contained the following spells:

 Spells                   Type           Power      Damage    Failure   Level
 Tukima's Dance           Hex            0%         N/A       75%         3
 Dimensional Bullseye     Hex/Tloc       0%         N/A       98%         4
 Iskenderun's Mystic Bla  Conj/Tloc      0%         2d3       98%         4
 Passage of Golubria      Tloc           0%         N/A       98%         4
 Yara's Violent Unravell  Hex/Alch       0%         3d3       100%        5


Dungeon Overview and Level Annotations

Branches:
Dungeon (2/15)

Altars:


Innate Abilities, Weirdness & Mutations

You are surrounded by a mild repulsion field. (EV +2)
Spells you cast may paralyse adjacent enemies.


Message History

The adder is moderately wounded.
The adder bites you but does no damage.
The goblin shouts!
You hit the adder but do no damage.
The adder is moderately wounded.
The adder closely misses you.
You hit the adder.
The adder is severely wounded.
The adder bites you but does no damage. The adder closely misses you.
You hit the adder but do no damage.
The adder is heavily wounded.
The goblin misses you. The adder completely misses you.
You barely miss the adder.
The adder is heavily wounded.
The adder closely misses you. The goblin misses you.
You closely miss the adder.
The adder is heavily wounded.
The adder bites you.
You are poisoned.
The adder poisons you! The goblin closely misses you.
You hit the adder.
The adder is almost dead.
You feel sick. The adder closely misses you.
The goblin hits you with a +0 club.
You hit the adder.
You kill the adder!
You feel sick. The goblin hits you but does no damage.
Your Shapeshifting skill increases to level 1!
You have reached level 3!
Your experience leads to an increase in your attributes!
Your base attributes are Str 11, Int 10, Dex 15.
Increase (S)trength, (I)ntelligence, or (D)exterity?
You feel stronger. x2; Your demonic ancestry asserts itself...
A menacing aura infuses your magic.
You hit the goblin.
You kill the goblin!
You feel sick.
No target in view!
No target in view!
Are you sure you want to abandon this character and quit the game? (Confirm with "yes".)

#.. ... #>.##.. ##### ...#.# ....
..#.# #... #...# ... ###...# .. #
#.....# .# #. #.##..#######†# ..
#.##.......#@.# #.#######..
#.###.####..)## #....>#...# #.#
#..# ###.## ####.....)
###.####†#####..### #........#
###...##.................###..###
.........#..(###.#...### #..#
.###########...#.###g#######<.#
###.#..............#
###.....###.<...###.#


There were no monsters in sight!

Vanquished Creatures
  An adder (D:2)
  A ball python (D:1)
  An endoplasm (D:2)
  2 giant cockroaches
  3 goblins
  A hobgoblin (D:2)
  2 jackals (D:1)
  3 kobolds
  3 bats
  3 rats
20 creatures vanquished.

Notes
Turn   | Place    | Note
-------+----------+-------------------------------------------
     0 | D:1      | Gadfly the Demonspawn Monk began the quest for the Orb.
     0 | D:1      | Reached XP level 1. HP: 18/18 MP: 1/1
   466 | D:1      | Found a faded altar of an unknown god.
   523 | D:1      | You fall into a shaft and drop 1 floor!
   562 | D:2      | Gained mutation: You are surrounded by a mild repulsion
                  | field. (EV +2) [demonic ancestry]
   562 | D:2      | Reached XP level 2. HP: 23/24 MP: 2/2
   717 | D:1      | Reached skill level 1 in Evocations
  1057 | D:2      | Reached skill level 1 in Shapeshifting
  1057 | D:2      | Gained mutation: Spells you cast may paralyse adjacent
                  | enemies. [demonic ancestry]
  1057 | D:2      | Reached XP level 3. HP: 23/29 MP: 3/3
  1058 | D:2      | Quit the game

Illustrated notes

Levels and vault maps discovered:
D:1:      dpeg_arrival_circle_labyrinth_a, layout_loops_ring,
          shapermc_ecumenical_altar_mp_ritualfount
D:2:      layout_rooms, serial_shops, nicolae_shop_hallway_plus

Skill      XL: |  1  2 |
---------------+-------+-----
Evocations     | 1 |  1.2
Unarmed Combat | 3 |  3.0
Shapeshifting  | 1 |  1.0
Fighting       | |  3.0
Dodging        | |  2.9

Action                     || total
---------------------------++-------
  Melee: Unarmed           ||    55
    Use: Scroll            ||     2
 Armour: Robe              ||    26
  Dodge: Dodged            ||    39
